 Dungeon Crawl Stone Soup version 0.28-a0-983-g1de4e0787c (webtiles) character file.

Game seed: 5593327362175166608

105 GregHouse the Chopper (level 4, -6/41 HPs)
             Began as a Hill Orc Monk on Dec 3, 2021.
             Shot with an arrow by a centaur (8 damage)
             ... on level 4 of the Dungeon.
             The game lasted 00:08:53 (2622 turns).

GregHouse the Chopper (Hill Orc Monk)               Turns: 2622, Time: 00:08:54

Health: -6/41      AC:  6    Str: 15    XL:     4   Next: 81%
Magic:  4/4        EV: 10    Int: 10    God:
Gold:   93         SH:  0    Dex: 13    Spells: 3/3 levels left

rFire   . . .      SeeInvis .   a - +0 hand axe
rCold   . . .      Faith    .   (no shield)
rNeg    . . .      Spirit   .   j - +0 scale mail
rPois   .          Reflect  .   (no helmet)
rElec   .          Harm     .   (no cloak)
rCorr   .          Rampage  .   (no gloves)
Will    .....                   (no boots)
Stlth   ..........              (no amulet)
HPRegen 0.13/turn               (no ring)
MPRegen 0.09/turn               (no ring)

@: no status effects
A: no striking features
a: no special abilities


You were on level 4 of the Dungeon.
You visited 1 branch of the dungeon, and saw 4 of its levels.

You collected 93 gold pieces.

Inventory:

Hand Weapons
 a - a +0 hand axe (weapon)
 e - a +2 dagger of venom
Missiles
 f - 42 stones
 l - 2 boomerangs (quivered)
Armour
 d - a +0 ring mail
 j - a +0 scale mail (worn)
Jewellery
 h - a ring of magical power
 p - an amulet of faith
Scrolls
 b - a scroll of enchant weapon {unknown}
 c - 3 scrolls of identify {unknown}
 k - a scroll of blinking {unknown}
 m - 2 scrolls of enchant armour {unknown}
 o - a scroll of magic mapping {unknown}
 q - a scroll of fear {unknown}
Potions
 g - a potion of flight {unknown}
 i - 2 potions of attraction {unknown}
 n - a potion of lignification {unknown}


   Skills:
 + Level 4.6 Fighting
 + Level 5.8 Axes
 + Level 1.4 Armour
 - Level 2.4 Dodging
 + Level 1.7 Stealth


You had 3 spell levels left.
You didn't know any spells.
Your spell library was empty.

Dungeon Overview and Level Annotations

Branches:
Dungeon (4/15)
 Temple: D:4-7

Altars:

Shops:
D:1 =   D:2 :

Annotations:
D:2 exclusion: downstairs
D:3 Sigmund, Terence


Message History

The iguana is heavily wounded.
The iguana barely misses you.
You barely miss the iguana.
The iguana is heavily wounded.
The iguana bites you!
You hit the iguana but do no damage.
The iguana is heavily wounded.
The iguana closely misses you.
You hit the iguana but do no damage.
The iguana is heavily wounded.
The iguana bites you!
You hit the iguana.
The iguana is severely wounded.
The iguana closely misses you.
You hit the iguana.
The iguana is almost dead.
The iguana bites you.
You closely miss the iguana.
The iguana is almost dead.
The iguana bites you.
You hit the iguana.
You kill the iguana!
You start resting.
HP restored.
You start waiting.
Done waiting.
Found 21 sling bullets.
An iguana and a centaur come into view.
The iguana hisses angrily.
The centaur wields a +0 shortbow.
The centaur shoots an arrow.
The arrow hits you!
The centaur shoots an arrow.
The arrow hits you!
The centaur shoots an arrow.
The arrow hits you.
You see here 27 arrows.
The centaur shoots an arrow.
The arrow hits you!
The centaur shoots an arrow.
The arrow hits you.
* * * LOW HITPOINT WARNING * * *
The centaur shoots an arrow.
The arrow hits you.
* * * LOW HITPOINT WARNING * * *
The centaur shoots an arrow.
The arrow hits you!
You die...

##.....#..#
#.#.#.....#
#.#..#...#
l##..#....#
#...c.....#
### #...#
#.# ##รท.#
#.#######l#
#.<@....c(#
###########


You could see a centaur and an iguana.

Vanquished Creatures
  An iguana (D:4)
  An adder (D:2)
  2 worms (D:2)
  2 dart slugs (D:1)
  9 bats
  6 endoplasms
  2 giant cockroaches (D:2)
  4 goblins
  4 hobgoblins
  3 quokkas
  6 ball pythons
  4 frilled lizards
  3 kobolds
  10 rats
  A toadstool (D:1)
58 creatures vanquished.

Vanquished Creatures (others)
  2 fungi (D:2)
  5 plants (D:2)
  3 toadstools (D:1)
10 creatures vanquished.

Grand Total: 68 creatures vanquished

Notes
Turn   | Place    | Note
-------+----------+-------------------------------------------
     0 | D:1      | GregHouse the Hill Orc Monk began the quest for the Orb.
     0 | D:1      | Reached XP level 1. HP: 19/19 MP: 1/1
   283 | D:3      | Noticed Terence
   415 | D:1      | Found Rithacao's Jewellery Emporium.
   431 | D:1      | Reached XP level 2. HP: 27/27 MP: 2/2
   891 | D:1      | Reached XP level 3. HP: 33/33 MP: 3/3
  1143 | D:2      | Reached skill level 5 in Axes
  1553 | D:2      | Found a faded altar of an unknown god.
  1606 | D:2      | Found Ferueje's Book Emporium.
  1695 | D:3      | Noticed Sigmund
  1854 | D:2      | Reached skill level 1 in Armour
  1854 | D:2      | Reached XP level 4. HP: 24/41 MP: 4/4
  2613 | D:4      | Noticed a centaur
  2620 | D:4      | HP: 2/41 [centaur/arrow (6)]
  2622 | D:4      | Shot with an arrow by a centaur

Illustrated notes

Levels and vault maps discovered:
D:1:      ldierk_water_garden, layout_basic, serial_shops, shop,
          minmay_misc_feat_tower
D:2:      layout_rooms, shapermc_ecumenical_altar_hornbeckon, serial_shops,
          shop, minmay_cupped
D:3:      layout_basic, serial_shops, nicolae_shop_stone, grunt_decor_arrowhead,
          uniq_terence, uniq_sigmund
D:4:      minmay_chambers_of_fours, layout_loops_ring,
          mainiacjoe_overflow_alcove_1, minmay_increasing_density

Skill      XL: |  1  2  3 |
---------------+----------+-----
Fighting       | 4 |  4.6
Axes           | 5 |  5.8
Armour         | 1 |  1.4
Dodging        | |  2.4
Stealth        | |  1.7

Action                   |  1- 3 |  4- 6 || total
-------------------------+-------+-------++-------
Melee: Hand axe          |   145 |    34 ||   179
Armor: Ring mail         |    58 |       ||    58
       Scale mail        |    19 |    10 ||    29
Dodge: Dodged            |   104 |    12 ||   116

Table legend: (Time is in decaauts)
 A = Elapsed time spent in this place.
 B = Non-inter-level travel time spent in this place.
 C = Inter-level travel time spent in this place.
 D = Time resting spent in this place.
 E = Time spent auto-exploring this place.
 F = Levels seen in this place.
 G = Mean time per level.
                   A        B        C        D        E       F      G
               +--------+--------+--------+--------+--------+-----+--------+
         Total |   2640 |   2620 |     20 |    702 |   1116 |   4 |  660.0 |
       Dungeon |   2640 |   2620 |     20 |    702 |   1116 |   4 |  660.0 |
               +--------+--------+--------+--------+--------+-----+--------+

Top non-repeatable levels by time:
     D:1: 1129 daAuts
     D:2: 1012 daAuts
     D:4: 335 daAuts
     D:3: 164 daAuts
